 Dungeon Crawl Stone Soup version 0.25-a0-589-g1e14c549ee (webtiles) character file.

Game seed: 14671333589199999435, levelgen mode: deterministic

22892 wullow the Blocker (level 12, -1/97 HPs)
             Began as a Demonspawn Fighter on Mar 10, 2020.
             Slain by a yak (5 damage)
             ... led by a torpor snail
             ... on level 3 of the Lair of Beasts.
             The game lasted 00:37:19 (13238 turns).

wullow the Blocker (Demonspawn Fighter)            Turns: 13238, Time: 00:37:20

Health: -1/97      AC: 10    Str: 18    XL:     12   Next: 67%
Magic:  0/15       EV:  9    Int: 11    God:
Gold:   558        SH: 14    Dex: 19    Spells: 8/11 levels left

rFire    . . .     SeeInvis +   A - +3 falchion (elec)
rCold    . . .     Gourm    .   c - +1 kite shield
rNeg     . . .     Faith    .   M - +0 swamp dragon scales
rPois    +         Spirit   +   (helmet restricted)
rElec    .         Reflect  .   J - +0 cloak
rCorr    .         Harm     .   e - +0 pair of gloves
MR       .....                  (no boots)
Stlth    +.........             O - amulet of guardian spirit
HPRegen  0.26/turn              a - ring of see invisible
MPRegen  0.14/turn              u - +4 ring of dexterity

@: lethally poisoned (-1 -> -5), slowed, very slow
A: claws 2, horns 2, talons 2, powered by death 2, spiny 1
a: no special abilities


You were on level 3 of the Lair of Beasts.
You were very hungry.

You visited 3 branches of the dungeon, and saw 16 of its levels.

You collected 778 gold pieces.
You spent 220 gold pieces at shops.

Inventory:

Hand Weapons
 A - a +3 falchion of electrocution (weapon)
 N - a +2 scimitar of flaming
Missiles
 k - 470 stones (quivered)
 t - a throwing net
 z - 18 poisoned darts
Armour
 c - a +1 kite shield (worn)
 e - a +0 pair of gloves (worn)
 J - a +0 cloak (worn)
 M - +0 swamp dragon scales (worn)
 P - a +2 robe of cold resistance
 X - a +0 troll leather armour
Jewellery
 a - a ring of see invisible (left hand)
 b - an uncursed ring of poison resistance
 q - an uncursed ring of resist corrosion
 u - a +4 ring of dexterity (right hand)
 L - an uncursed ring of fire
 O - an amulet of guardian spirit (around neck)
 Y - a +4 ring of strength
Wands
 s - a wand of random effects (57)
 y - a wand of polymorph (10)
 E - a wand of iceblast (15)
 H - a wand of digging (6)
 R - a wand of acid (2)
Scrolls
 g - a scroll of vulnerability {unknown}
 h - 12 scrolls of remove curse
 j - 7 scrolls of amnesia
 l - 7 scrolls of teleportation
 m - a scroll of acquirement {unknown}
 o - 2 scrolls of enchant weapon
 p - 17 scrolls of identify
 v - 2 scrolls of enchant armour
 w - 4 scrolls of fog
 G - 7 scrolls of fear
 S - 3 scrolls of immolation
 W - a scroll of magic mapping
Potions
 d - 3 potions of might
 i - 2 potions of resistance {unknown}
 n - 2 potions of magic
 r - a potion of flight
 x - a potion of brilliance {unknown}
 B - 2 potions of degeneration {unknown}
 C - a potion of lignification {unknown}
 D - 5 potions of cancellation {unknown}
 F - 3 potions of stabbing
 I - 4 potions of ambrosia {unknown}
 K - 3 potions of heal wounds {unknown}
 Q - 2 potions of curing {unknown}
 T - a potion of haste
 V - 2 potions of mutation {unknown}
Comestibles
 f - 28 rations


   Skills:
 + Level 9.8 Fighting
   Level 2.5(7.9) Short Blades
 * Level 11.6(11.7) Long Blades
   Level 2.0 Polearms
 - Level 3.3 Armour
 * Level 12.2 Shields
 - Level 5.0 Evocations


You had 8 spell levels left.
You knew the following spells:

 Your Spells              Type           Power        Failure   Level  Hunger
a - Confusing Touch       Hex            #.......     95%         3    ####...

Your spell library contained the following spells:

 Spells                   Type           Power        Failure   Level  Hunger
 Animate Skeleton         Necr           N/A          65%         1    ##.....
 Pain                     Necr           #...         65%         1    ##.....
 Gell's Gravitas          Tloc           #.........   95%         3    ####...
 Vampiric Draining        Necr           #.........   95%         3    ####...
 Animate Dead             Necr           N/A          100%        4    #####..
 Petrify                  Tmut/Erth      #.......     100%        4    #####..
 Agony                    Necr           #.......     100%        5    ######.
 Metabolic Englaciation   Hex/Ice        #.........   100%        5    ######.
 Yara's Violent Unravell  Hex/Tmut       #.........   100%        5    ######.


Dungeon Overview and Level Annotations

Branches:
Dungeon (12/15)            Temple (1/1) D:7            Lair (3/6) D:8
    Orc (0/2) D:10
  Swamp: Lair:2-4    Shoals: Lair:2-4     Snake: Lair:2-4    Spider: Lair:2-4

Altars:
Ashenzari
Cheibriados
Dithmenos
Elyvilon
Fedhas
Gozag
Hepliaklqana
Kikubaaqudgha
Makhleb
Nemelex Xobeh
Okawaru
Qazlal
Ru
Sif Muna
Trog
Uskayaw
Vehumet
Wu Jian
Xom
Yredelemnul
Zin
The Shining One

Shops:
D:4 =

Annotations:
Lair:2 3 runed translucent doors, bmj180's ghost, journeyman DrCj
Lair:3 exclusion: 4 oklob plants


Innate Abilities, Weirdness & Mutations

You have very sharp fingernails.
You have a pair of horns on your head.
You have razor-sharp toenails.
You regenerate health from kills.
You are partially covered in sharp spines.


Message History

You hit the yak but do no damage. Lightning courses through the yak!
You kill the yak!
You feel sick. The spiny frog stings you!
You feel sick. You block the yak's attack. The torpor snail bites you!
* * * LOW HITPOINT WARNING * * *
The yak gores you.
* * * LOW HITPOINT WARNING * * *
The spiny frog stings you but does no damage.
You see here a yak corpse.
You feel sick. The yak is struck by your spines. The yak gores you!
* * * LOW HITPOINT WARNING * * *
You feel sick. The spiny frog stings you!
* * * LOW HITPOINT WARNING * * *
You block the yak's attack.
* * * LOW HITPOINT WARNING * * *
You feel sick. You block the spiny frog's attack.
Okay, then.
* * * LOW HITPOINT WARNING * * *
You feel sick. You block the spiny frog's attack. The yak gores you.
You die...

# #..............#
..+..............##
................#.#
.##............+..
#..............P#
#.....<........#
#..............#
##PPPPP#..†..Y.##
#?.?P.#....wF@.#
#.)$!F#.#.P###.#
#?$$D(###### ##
#..(P$ #.$)PP


You could see a torpor snail, a yak and a spiny frog.

Vanquished Creatures
  Azrael (D:12)
  Erolcha (D:12)
  A hydra (Lair:2)
  4 two-headed ogres
  Erica (D:8)
  A deep elf mage (D:12)
  An ugly thing (D:11)
  Maurice (D:8)
  3 gargoyles (D:12)
  A spiny frog (Lair:1)
  A komodo dragon (D:12)
  Maggie (D:6)
  A hornet (D:11)
  3 trolls
  4 blink frogs (Lair:1)
  A hippogriff (D:10)
  Prince Ribbit (D:7)
  A shadow (D:11)
  2 wraiths
  Sigmund (D:6)
  5 yaks
  2 wyverns
  A basilisk (Lair:2)
  3 fire elementals (D:12)
  3 chaos spawn (D:10)
  A steam dragon (D:11)
  Edmund (D:5)
  A soldier ant (D:12)
  A hell hound (D:12)
  7 water moccasins
  8 orc warriors
  4 porcupines
  2 hornet zombies
  3 ice beasts
  2 sky beasts
  2 black bears (D:8)
  An eye of draining (D:12)
  5 wolves (Lair:2)
  9 centaurs
  3 phantoms
  4 ogres
  7 crocodiles
  3 big kobolds
  17 bullfrogs
  13 killer bees
  7 howler monkeys
  3 centaur zombies
  3 crimson imps
  2 bullfrog zombies
  7 hounds
  3 bullfrog skeletons
  9 orc priests
  3 jellies
  14 orc wizards
  3 centaur skeletons
  Crazy Yiuf (D:5)
  3 iguanas
  Ijyb (D:4)
  6 worker ants
  A killer bee zombie (D:10)
  A howler monkey zombie (D:5)
  8 gnolls
  A worker ant zombie (D:5)
  A howler monkey skeleton (D:4)
  9 adders
  5 shadow imps
  2 oozes
  3 worms (D:2)
  6 leopard geckos
  44 orcs
  2 ball pythons
  3 giant cockroaches
  14 goblins
  12 hobgoblins
  4 jackals (D:5)
  7 quokkas
  A ball python skeleton (D:5)
  9 bats
  7 frilled lizards
  24 kobolds
  A leopard gecko skeleton (D:4)
  A leopard gecko zombie (D:7)
  A quokka zombie (D:7)
  6 rats
377 creatures vanquished.

Vanquished Creatures (others)
  2 plants (Lair:2)
2 creatures vanquished.

Grand Total: 379 creatures vanquished

Notes
Turn   | Place    | Note
-------+----------+-------------------------------------------
     0 | D:1      | wullow the Demonspawn Fighter began the quest for the Orb.
     0 | D:1      | Reached XP level 1. HP: 18/18 MP: 1/1
   426 | D:1      | Gained mutation: You have a pair of small horns on your
                  | head. [demonic ancestry]
   426 | D:1      | Reached XP level 2. HP: 19/24 MP: 2/2
   547 | D:1      | Reached skill level 3 in Shields
   850 | D:2      | Gained mutation: You have sharp fingernails. [demonic
                  | ancestry]
   850 | D:2      | Reached XP level 3. HP: 26/29 MP: 3/3
   859 | D:2      | Reached skill level 1 in Short Blades
  1202 | D:2      | Reached XP level 4. HP: 35/35 MP: 4/4
  1236 | D:2      | Learned a level 3 spell: Confusing Touch
  1316 | D:2      | Found a glowing golden altar of the Shining One.
  1652 | D:3      | Found a shimmering altar of Xom.
  1653 | D:3      | Found a hazy altar of Hepliaklqana.
  1653 | D:3      | Noticed a hell beast
  1654 | D:3      | Noticed a spectral ugly thing
  1654 | D:3      | Noticed a hell beast
  1765 | D:3      | Gained mutation: You have sharp toenails. [demonic
                  | ancestry]
  1765 | D:3      | Reached XP level 5. HP: 35/41 MP: 5/5
  2043 | D:3      | Reached skill level 4 in Shields
  2117 | D:3      | Reached skill level 1 in Long Blades
  2121 | D:3      | Gained mutation: You are partially covered in sharp spines.
                  | [demonic ancestry]
  2121 | D:3      | Reached XP level 6. HP: 18/48 MP: 6/6
  2907 | D:4      | Found Natitt's Jewellery Shop.
  3209 | D:4      | Noticed Ijyb
  3242 | D:4      | Killed Ijyb
  3342 | D:5      | Entered Level 5 of the Dungeon
  3368 | D:5      | Gained mutation: You have a pair of horns on your head.
                  | [demonic ancestry]
  3368 | D:5      | Reached XP level 7. HP: 54/54 MP: 7/7
  3499 | D:5      | Reached skill level 5 in Shields
  3566 | D:5      | Found a runed translucent door.
  3567 | D:5      | Noticed Crazy Yiuf
  3572 | D:5      | Killed Crazy Yiuf
  3622 | D:5      | Got a fine mace
  3623 | D:5      | Identified the +8 mace of Maolauhe {freeze, rElec rC- Str+9
                  | Int-4} (You found it on level 5 of the Dungeon)
  3687 | D:5      | Found a hide-covered altar of Uskayaw.
  3759 | D:5      | Noticed Edmund
  3768 | D:5      | Killed Edmund
  3784 | D:5      | Reached skill level 5 in Fighting
  3784 | D:5      | Gained mutation: You have razor-sharp toenails. [demonic
                  | ancestry]
  3784 | D:5      | Reached XP level 8. HP: 44/62 MP: 8/8
  3891 | D:5      | Reached skill level 6 in Shields
  4150 | D:6      | Noticed Maggie
  4159 | D:6      | Killed Maggie
  4159 | D:6      | Reached skill level 5 in Long Blades
  4476 | D:6      | Noticed Sigmund
  4482 | D:6      | Killed Sigmund
  4764 | D:4      | Bought an uncursed ring of poison resistance for 220 gold
                  | pieces
  4943 | D:7      | Reached skill level 7 in Shields
  4971 | D:7      | Found a staircase to the Ecumenical Temple.
  4988 | Temple   | Entered the Ecumenical Temple
  5165 | Temple   | Gained mutation: You have very sharp fingernails. [demonic
                  | ancestry]
  5165 | Temple   | Reached XP level 9. HP: 46/69 MP: 6/9
  5353 | D:7      | Found a bloodstained altar of Trog.
  5383 | D:7      | Noticed Prince Ribbit
  5388 | D:7      | Killed Prince Ribbit
  5466 | D:7      | Found an iron altar of Okawaru.
  5467 | D:7      | Found a sacrificial altar of Ru.
  6155 | D:8      | Noticed Erica
  6168 | D:8      | Killed Erica
  6168 | D:8      | Reached skill level 8 in Shields
  6396 | D:8      | Noticed Maurice
  6442 | D:8      | Noticed a two-headed ogre
  6456 | D:8      | Killed a two-headed ogre
  6456 | D:8      | Gained mutation: You regenerate a little health from kills.
                  | [demonic ancestry]
  6456 | D:8      | Reached XP level 10. HP: 20/79 MP: 3/10
  6478 | D:8      | Reached skill level 9 in Shields
  6613 | D:8      | Found a staircase to the Lair.
  6750 | D:8      | Killed Maurice
  7193 | D:9      | Reached skill level 1 in Evocations
  7551 | D:9      | Noticed a two-headed ogre
  7559 | D:9      | Killed a two-headed ogre
  7978 | D:10     | Entered Level 10 of the Dungeon
  8157 | D:10     | Reached skill level 10 in Shields
  8205 | D:10     | Found a shimmering altar of Xom.
  8206 | D:10     | Found the +7 mace of Variability {chain chaos}
  8228 | D:10     | Reached XP level 11. HP: 83/86 MP: 11/13
  8256 | D:10     | Noticed a two-headed ogre
  8267 | D:10     | Killed a two-headed ogre
  8718 | D:10     | Found a staircase to the Orcish Mines.
  9703 | D:11     | Noticed a purple ugly thing
  9716 | D:11     | Killed a purple ugly thing
 10050 | D:11     | Reached skill level 10 in Long Blades
 10549 | D:12     | Reached skill level 11 in Shields
 10643 | D:12     | Noticed Erolcha
 10651 | D:12     | Killed Erolcha
 10668 | D:12     | Noticed a deep elf mage
 10675 | D:12     | Killed a deep elf mage
 10711 | D:12     | Noticed a two-headed ogre
 10735 | D:12     | Killed a two-headed ogre
 10735 | D:12     | Reached skill level 5 in Evocations
 10735 | D:12     | Gained mutation: You regenerate health from kills. [demonic
                  | ancestry]
 10735 | D:12     | Reached XP level 12. HP: 58/95 MP: 11/15
 10802 | D:12     | Noticed Azrael
 10813 | D:12     | Killed Azrael
 10821 | D:12     | HP: 1/95 [fire elemental[Azrael] (9)]
 11542 | D:12     | Identified the ring of Tuzatoin {*Tele Int+2 Dex-4 SInv}
 11701 | Lair:1   | Entered Level 1 of the Lair of Beasts
 12851 | Lair:2   | Noticed a five-headed hydra
 12859 | Lair:2   | Killed a two-headed hydra
 12859 | Lair:2   | Reached skill level 12 in Shields
 12965 | Lair:2   | Found a runed translucent gate.
 12965 | Lair:2   | Found a runed translucent gate.
 12966 | Lair:2   | Found a runed translucent gate.
 12966 | Lair:2   | Noticed a 12-headed hydra
 12966 | Lair:2   | Noticed bmj180's ghost (journeyman DrCj)
 13237 | Lair:3   | HP: 4/97 [poisoned by a spiny frog]
 13238 | Lair:3   | Slain by a yak

Levels and vault maps discovered:
D:1:      enne_arrival_octagon_isle, layout_loops_cross,
          chequers_serial_rivers_micro_e, minmay_tromino_mix6
D:2:      layout_rooms, tso_metal_star, minmay_box_of_dots
D:3:      layout_basic, regret_index_temple_of_mockery
D:4:      kennysheep_the_goblin_king, layout_basic, serial_shops,
          nicolae_shop_crystal, first_ration, minmay_misc_feat_tiny
D:5:      layout_loops_cross, eat_drink_and_be_merry_uskayaw,
          uniq_crazy_yiuf_cottage, uniq_edmund
D:6:      layout_loops_corners, uniq_maggie, uniq_sigmund
D:7:      layout_basic, nicolae_overflow_hidden_temple,
          minmay_temple_entry_tees, basic_altar, grunt_ogre_cave,
          uniq_prince_ribbit1
D:8:      layout_loops_ring, grunt_lair_entry_orc_guard_hut, uniq_erica,
          uniq_maurice
D:9:      layout_basic
D:10:     layout_stronghold, david_orc_1_choice,
          minmay_guarded_unrand_variability
D:11:     layout_small_grid
D:12:     layout_roguey, uniq_azrael, uniq_erolcha
Temple:   nicolae_temple_elliptical
Lair:1:   layout_cave_pods, serial_bayou_shore_b
Lair:2:   layout_misc_corridors, gammafunk_ghost_hydra_chop, st_stairs_8,
          grunt_megastairs_1
Lair:3:   layout_roguey, nicolae_spider_entry_non_spiders, lemuel_fruit_fields,
          serial_bayou_shore_b, minmay_lair_oklob_chamber,
          infiniplex_staircase_pool_2, serial_bayou_shore_b

Skill      XL: |  1  2  3  4  5  6  7  8  9 10 11 12 |
---------------+-------------------------------------+-----
Polearms       | 2 |  2.0
Shields        | 3 4 5 7 8 10 11 12 | 12.2
Short Blades   | 1 2 |  2.5
Armour         | 3 |  3.3
Long Blades    | 1 2 4 5 7 9 10 11 | 11.6
Fighting       | 4 5 7 8 9 |  9.8
Evocations     | 3 5 |  5.0

Action                   |  1- 3 |  4- 6 |  7- 9 | 10-12 || total
-------------------------+-------+-------+-------+-------++-------
Melee: Trident           |    17 |       |       |       ||    17
       Dagger            |   119 |    85 |       |       ||   204
       Headbutt          |    15 |    20 |    42 |   141 ||   218
       Falchion          |       |    68 |   178 |   585 ||   831
       Kick              |       |    27 |    61 |   259 ||   347
       Scimitar          |       |       |       |     3 ||     3
  Use: Scroll            |       |    11 |     2 |     3 ||    16
       Potion            |       |       |       |     2 ||     2
 Stab: Petrifying        |       |       |       |     1 ||     1
       Distracted        |       |       |       |     1 ||     1
  Eat: Chunk             |     1 |     7 |    10 |    14 ||    32
       Ration            |       |       |       |     2 ||     2
Armor: Scale mail        |    48 |    51 |    17 |       ||   116
       Swamp dragon scal |       |       |    32 |   122 ||   154
Dodge: Dodged            |    23 |    35 |    33 |   125 ||   216
Block: Kite shield       |    58 |    76 |   114 |   337 ||   585
       Rpst.: Falchion   |       |     4 |     7 |    40 ||    51

Table legend:
 A = Non-vault XP
 B = Vault XP
 C = Vault XP percentage of total XP
 D = Non-vault monster count
 E = Vault monster count
 F = Vault count percentage of total count
                 A         B        C        D         E       F
            +---------+---------+-------+---------+---------+-------
      Total |   25329 |    7375 |  22.6 |     331 |      46 |  12.2
            +---------+---------+-------+---------+---------+-------
        D:1 |      29 |       4 |  12.1 |      15 |       3 |  16.7
        D:2 |      56 |      35 |  38.5 |      28 |       2 |   6.7
        D:3 |     263 |       0 |   0.0 |      33 |       0 |   0.0
        D:4 |     290 |      47 |  13.9 |      19 |       7 |  26.9
        D:5 |     789 |     201 |  20.3 |      24 |       2 |   7.7
        D:6 |     137 |     558 |  80.3 |       3 |       2 |  40.0
        D:7 |     795 |     389 |  32.9 |      18 |       2 |  10.0
        D:8 |    1601 |    1888 |  54.1 |      13 |       7 |  35.0
        D:9 |    2682 |       0 |   0.0 |      44 |       0 |   0.0
       D:10 |    2980 |     935 |  23.9 |      25 |      12 |  32.4
       D:11 |    3227 |       0 |   0.0 |      22 |       0 |   0.0
       D:12 |    5416 |    2973 |  35.4 |      46 |       6 |  11.5
     Temple |     177 |       0 |   0.0 |       2 |       0 |   0.0
     Lair:1 |    3053 |       0 |   0.0 |      17 |       0 |   0.0
     Lair:2 |    3412 |     345 |   9.2 |      20 |       3 |  13.0
     Lair:3 |     422 |       0 |   0.0 |       2 |       0 |   0.0
            +---------+---------+-------+---------+---------+-------
